3R
GERMANTOWN URUGUAYANS @ BALLARD BEAVERS
07/29/2042
 
TOP OF THE 1ST
Germantown Uruguayans batting - Pitching for Ballard Beavers : LHP Yoshifumi Oshima
Pitching: LHP Yoshifumi Oshima
Batting: RHB Halewijn Kraan 0-0: Ball
1-0: Called Strike
1-1: DOUBLE (Flyball, 78D, EV 107.5 MPH)
Batting: RHB Job Wooddisse 0-0: Foul Ball, location: 2F
0-1: Called Strike
0-2: Fly out, F4 (Flyball, 4MD, EV 90.6 MPH)
Batting: LHB Enreecko-Edilberto Bibilone 0-0: Ball
Halewijn Kraan steals 3rd base
1-0: Foul Ball, location: 2F
1-1: Ball
2-1: Foul Ball, location: 2F
2-2: Ball
3-2: Foul Ball, location: 2F
3-2: Base on Balls
Batting: RHB Pepe Rodríguez 0-0: Ball
1-0: Called Strike
1-1: Ball
2-1: Foul Ball, location: 2F
2-2: Foul Ball, location: 2F
2-2: Fly out, F9 (Flyball, 89S, EV 85.0 MPH)
Runner from 3rd tags up, OUT at HOME! 9-2
Top of the 1st over - 0 runs, 1 hit, 0 errors, 1 left on base; Germantown 0 - Ballard 0
BOTTOM OF THE 1ST
Ballard Beavers batting - Pitching for Germantown Uruguayans : LHP Jean Voisin
Pitching: LHP Jean Voisin
Batting: RHB Eli Johnson 0-0: Foul Ball, location: 2F
0-1: Ball
1-1: Ball
2-1: SOLO HOME RUN (Flyball, 89XD, EV 99.4 MPH) (Inside the Park)
Batting: RHB Kevin Neal 0-0: Called Strike
0-1: Ball
1-1: Ball
2-1: Foul Ball, location: 2F
2-2: Strikes out swinging
Batting: RHB Eldon Broadus 0-0: Ball
1-0: Called Strike
1-1: Swinging Strike
1-2: Ball
2-2: SINGLE (Flyball, 89S, EV 85.6 MPH)
Batting: RHB John Reed 0-0: Ball
1-0: Ball
2-0: Called Strike
2-1: Ball
3-1: Base on Balls
Eldon Broadus to second
Batting: RHB Rich Joyner 0-0: Swinging Strike
0-1: Ball
1-1: Foul Ball, location: 2F
1-2: Grounds into double play, 1-6-3 (Groundball, 34S, EV 89.4 MPH)
Bottom of the 1st over - 1 run, 2 hits, 0 errors, 1 left on base; Germantown 0 - Ballard 1
TOP OF THE 2ND
Germantown Uruguayans batting - Pitching for Ballard Beavers : LHP Yoshifumi Oshima
Batting: SHB Teddy York 0-0: Called Strike
0-1: Fly out, F9 (Flyball, 9, EV 86.9 MPH)
Batting: RHB Frank Mallam 0-0: Foul Ball, location: 2F
0-1: Ball
1-1: Swinging Strike
1-2: Ball
2-2: Strikes out swinging
Batting: LHB Bill Ware 0-0: Ball
1-0: Called Strike
1-1: Ball
2-1: Ground out 1-3 (Groundball, 13S, EV 72.5 MPH)
Top of the 2nd over - 0 runs, 0 hits, 0 errors, 0 left on base; Germantown 0 - Ballard 1
BOTTOM OF THE 2ND
Ballard Beavers batting - Pitching for Germantown Uruguayans : LHP Jean Voisin
Batting: RHB José Romero 0-0: Ball
1-0: Called Strike
1-1: Ball
2-1: Ball
3-1: Foul Ball, location: 2F
3-2: Foul Ball, location: 2F
3-2: Base on Balls
Batting: RHB Javier Cruz 0-0: Foul Ball, location: 2F
0-1: Grounds into double play, 6-4-3 (Groundball, 56, EV 98.1 MPH)
Batting: RHB Jim McDermott 0-0: Ball
1-0: Ground out 5-3 (Groundball, 56S, EV 63.8 MPH)
Bottom of the 2nd over - 0 runs, 0 hits, 0 errors, 0 left on base; Germantown 0 - Ballard 1
TOP OF THE 3RD
Germantown Uruguayans batting - Pitching for Ballard Beavers : LHP Yoshifumi Oshima
Batting: RHB Santiago Harmon 0-0: Foul Ball, location: 2F
0-1: Ball
1-1: Swinging Strike
1-2: Ball
2-2: Strikes out swinging, 2-3 out at first.
Batting: LHB Pedro Ortíz 0-0: Called Strike
0-1: Ground out 6-3 (Groundball, 6, EV 88.8 MPH)
Batting: RHB Halewijn Kraan 0-0: Called Strike
0-1: Ground out 1-3 (Groundball, 15S, EV 72.5 MPH)
Top of the 3rd over - 0 runs, 0 hits, 0 errors, 0 left on base; Germantown 0 - Ballard 1
BOTTOM OF THE 3RD
Ballard Beavers batting - Pitching for Germantown Uruguayans : LHP Jean Voisin
Batting: LHB Shane Holman 0-0: Fly out, F7 (Flyball, 78M, EV 75.6 MPH)
Batting: RHB Eli Johnson 0-0: Ball
1-0: Ball
2-0: Called Strike
2-1: Foul Ball, location: 2F
2-2: Fly out, F9 (Flyball, 9S, EV 95.0 MPH)
Batting: RHB Kevin Neal 0-0: Swinging Strike
0-1: Foul Ball, location: 2F
0-2: Strikes out looking
Bottom of the 3rd over - 0 runs, 0 hits, 0 errors, 0 left on base; Germantown 0 - Ballard 1
TOP OF THE 4TH
Germantown Uruguayans batting - Pitching for Ballard Beavers : LHP Yoshifumi Oshima
Batting: RHB Job Wooddisse 0-0: Ball
1-0: Foul Ball, location: 2F
1-1: Ball
2-1: Ground out 6-3 (Groundball, 6, EV 80.6 MPH)
Batting: LHB Enreecko-Edilberto Bibilone 0-0: Reached on error, E7 (Flyball, 78S, EV 77.5 MPH)
Batting: RHB Pepe Rodríguez 0-0: Ball
1-0: Fly out, F9 (Flyball, 9D, EV 95.0 MPH)
Batting: SHB Teddy York 0-0: Ball
1-0: Foul Ball, location: 2F
1-1: SINGLE (Groundball, 3D, EV 97.5 MPH)
Enreecko-Edilberto Bibilone to second
Runner from 2nd tries for 3rd, SAFE, no throw by RF
Batting: RHB Frank Mallam 0-0: Called Strike
0-1: Ball
1-1: Foul Ball, location: 2F
1-2: Ball
2-2: Foul Ball, location: 2F
2-2: Ball
3-2: Strikes out swinging
Top of the 4th over - 0 runs, 1 hit, 1 error, 2 left on base; Germantown 0 - Ballard 1
BOTTOM OF THE 4TH
Ballard Beavers batting - Pitching for Germantown Uruguayans : LHP Jean Voisin
Batting: RHB Eldon Broadus 0-0: Ball
1-0: Foul Ball, location: 2F
1-1: Ball
2-1: Ball
3-1: Base on Balls
Batting: RHB John Reed 0-0: DOUBLE (Line Drive, 7LS, EV 96.9 MPH)
Eldon Broadus to third
Batting: RHB Rich Joyner 0-0: Ball
1-0: DOUBLE (Line Drive, 7LD, EV 110.6 MPH)
Eldon Broadus scores
John Reed scores
Batting: RHB José Romero 0-0: Ball
1-0: Foul Ball, location: 2F
1-1: Fly out, F3 (Popup, 3F, EV 73.1 MPH)
Batting: RHB Javier Cruz 0-0: Called Strike
0-1: Ball
1-1: Called Strike
1-2: SINGLE (Groundball, 6D, EV 95.6 MPH)
Rich Joyner to third
Runner from 3rd tries for Home, SAFE, throw by CF to home
Batting: RHB Jim McDermott 0-0: Ball
1-0: Fly out, F7 (Flyball, 7LM, EV 85.6 MPH)
Batting: LHB Shane Holman 0-0: Ball
1-0: Foul Ball, location: 2F
1-1: Ball
2-1: SINGLE (Groundball, 4S, EV 81.9 MPH) (infield hit)
Javier Cruz to second
Batting: RHB Eli Johnson 0-0: Ball
1-0: Ball
2-0: Ball
3-0: Base on Balls
Javier Cruz to third
Shane Holman to second
Batting: RHB Kevin Neal 0-0: Ball
1-0: Ground out 4-3 (Groundball, 4, EV 83.8 MPH)
Bottom of the 4th over - 3 runs, 4 hits, 0 errors, 3 left on base; Germantown 0 - Ballard 4
TOP OF THE 5TH
Germantown Uruguayans batting - Pitching for Ballard Beavers : LHP Yoshifumi Oshima
Batting: LHB Bill Ware 0-0: DOUBLE (Line Drive, 9LM, EV 100.0 MPH)
Batting: RHB Santiago Harmon 0-0: Ball
1-0: Called Strike
1-1: Ball
2-1: Ball
3-1: Called Strike
3-2: Strikes out looking
Pitching: LHP Raúl Silva
Batting: LHB Pedro Ortíz 0-0: Ball
1-0: Ball
2-0: Ball
3-0: Base on Balls
Batting: RHB Halewijn Kraan 0-0: Fly out, F8 (Flyball, 8LXD, EV 91.9 MPH)
Runner from 2nd tags up, SAFE at 3rd, no throw by CF
Batting: RHB Job Wooddisse 0-0: Called Strike
0-1: Fielders Choice at 2nd, 6-4 (Groundball, 6, EV 98.8 MPH)
Top of the 5th over - 0 runs, 1 hit, 0 errors, 2 left on base; Germantown 0 - Ballard 4
BOTTOM OF THE 5TH
Ballard Beavers batting - Pitching for Germantown Uruguayans : LHP Jean Voisin
Batting: RHB Eldon Broadus 0-0: Fly out, F5 (Line Drive, 5, EV 61.2 MPH)
Batting: RHB John Reed 0-0: Ball
1-0: Ball
2-0: Ball
3-0: Called Strike
3-1: Base on Balls
Batting: RHB Rich Joyner 0-0: Called Strike
John Reed steals 2nd base
0-1: Ball
1-1: Ball
2-1: Foul Ball, location: 2F
2-2: Ball
3-2: DOUBLE (Line Drive, 89M, EV 105.6 MPH)
John Reed scores
Pitching: RHP Leonard Rogers
Batting: RHB José Romero 0-0: Swinging Strike
0-1: Ball
1-1: Swinging Strike
1-2: Ball
2-2: Ball
3-2: Ground out 5-3 (Groundball, 56S, EV 82.5 MPH)
Batting: RHB Javier Cruz 0-0: Ball
1-0: Ball
2-0: Foul Ball, location: 2F
2-1: Ball
3-1: Fly out, F2 (Popup, 2R, EV 93.1 MPH)
Bottom of the 5th over - 1 run, 1 hit, 0 errors, 1 left on base; Germantown 0 - Ballard 5
TOP OF THE 6TH
Germantown Uruguayans batting - Pitching for Ballard Beavers : LHP Raúl Silva
Batting: LHB Enreecko-Edilberto Bibilone 0-0: Swinging Strike
0-1: Swinging Strike
0-2: Ball
1-2: Ball
2-2: Strikes out looking
Batting: RHB Pepe Rodríguez 0-0: Ball
1-0: Called Strike
1-1: Ball
2-1: Ball
3-1: Base on Balls
Batting: SHB Teddy York 0-0: Foul Ball, location: 2F
0-1: DOUBLE (Line Drive, 89D, EV 101.2 MPH)
Pepe Rodríguez to third
Pitching: RHP Edward Urry
Batting: RHB Frank Mallam 0-0: Ball
1-0: Foul Ball, location: 2F
1-1: Swinging Strike
1-2: Strikes out swinging
Batting: LHB Bill Ware 0-0: Ball
1-0: Foul Ball, location: 2F
1-1: Ball
2-1: Foul Ball, location: 2F
2-2: SINGLE (Groundball, 34D, EV 93.8 MPH)
Pepe Rodríguez scores
Teddy York to third
Runner from 3rd tries for Home, SAFE, throw by RF to home
Bill Ware to second
Batting: RHB Santiago Harmon 0-0: Called Strike
0-1: Ball
1-1: Fly out, F9 (Flyball, 9D, EV 104.4 MPH)
Top of the 6th over - 2 runs, 2 hits, 0 errors, 1 left on base; Germantown 2 - Ballard 5
BOTTOM OF THE 6TH
Ballard Beavers batting - Pitching for Germantown Uruguayans : RHP Leonard Rogers
Batting: RHB Jim McDermott 0-0: Called Strike
0-1: Foul Ball, location: 2F
0-2: Strikes out swinging
Batting: LHB Shane Holman 0-0: Ball
1-0: Ball
2-0: Called Strike
2-1: Foul Ball, location: 2F
2-2: Hit by Pitch
Batting: RHB Eli Johnson 0-0: Ball
1-0: Ball
2-0: Swinging Strike
2-1: Foul Ball, location: 2F
2-2: Foul Ball, location: 2F
2-2: Strikes out swinging
Batting: RHB Kevin Neal 0-0: Called Strike
0-1: Ball
1-1: Swinging Strike
1-2: Ball
Shane Holman steals 2nd base
2-2: Strikes out swinging
Bottom of the 6th over - 0 runs, 0 hits, 0 errors, 1 left on base; Germantown 2 - Ballard 5
TOP OF THE 7TH
Germantown Uruguayans batting - Pitching for Ballard Beavers : RHP Edward Urry
Batting: LHB Pedro Ortíz 0-0: Ground out 4-3 (Groundball, 4, EV 103.1 MPH)
Batting: RHB Halewijn Kraan 0-0: Ball
1-0: Called Strike
1-1: Called Strike
1-2: Strikes out looking
Batting: RHB Job Wooddisse 0-0: Called Strike
0-1: Fly out, F9 (Flyball, 89XD, EV 106.2 MPH)
Top of the 7th over - 0 runs, 0 hits, 0 errors, 0 left on base; Germantown 2 - Ballard 5
BOTTOM OF THE 7TH
Ballard Beavers batting - Pitching for Germantown Uruguayans : RHP Leonard Rogers
Batting: RHB Eldon Broadus 0-0: Ball
1-0: Foul Ball, location: 2F
1-1: Swinging Strike
1-2: Foul Ball, location: 2F
1-2: Foul Ball, location: 2F
1-2: Strikes out swinging
Batting: RHB John Reed 0-0: Called Strike
0-1: Ball
1-1: Swinging Strike
1-2: Ball
2-2: Foul Ball, location: 2F
2-2: Strikes out swinging
Pitching: RHP José Garza
Batting: RHB Rich Joyner 0-0: Called Strike
0-1: Ball
1-1: Ball
2-1: Ball
3-1: Base on Balls
Batting: RHB José Romero 0-0: Ball
1-0: Foul Ball, location: 2F
1-1: Hit by Pitch
Rich Joyner to second
Batting: RHB Javier Cruz 0-0: Called Strike
0-1: SINGLE (Groundball, 4MD, EV 103.1 MPH)
Rich Joyner to third
José Romero to second
Runner from 3rd tries for Home, SAFE, no throw by CF
Batting: RHB Jim McDermott 0-0: Called Strike
0-1: Ball
1-1: Foul Ball, location: 2F
1-2: Ball
2-2: Ball
3-2: Foul Ball, location: 2F
3-2: Strikes out swinging
Bottom of the 7th over - 1 run, 1 hit, 0 errors, 2 left on base; Germantown 2 - Ballard 6
TOP OF THE 8TH
Germantown Uruguayans batting - Pitching for Ballard Beavers : RHP Edward Urry
Batting: LHB Enreecko-Edilberto Bibilone 0-0: Foul Ball, location: 2F
0-1: DOUBLE (Flyball, 8LXD, EV 87.5 MPH)
Batting: RHB Pepe Rodríguez 0-0: Called Strike
0-1: Fly out, F9 (Line Drive, 9D, EV 104.4 MPH)
Runner from 2nd tags up, SAFE at 3rd, no throw by RF
Batting: SHB Teddy York 0-0: Swinging Strike
0-1: Called Strike
0-2: Strikes out looking
Batting: RHB Frank Mallam 0-0: SINGLE (Groundball, 56D, EV 100.6 MPH)
Enreecko-Edilberto Bibilone scores
Batting: LHB Bill Ware 0-0: Foul Ball, location: 2F
0-1: Ball
1-1: Ball
2-1: Ball
3-1: Foul Ball, location: 2F
3-2: Foul Ball, location: 2F
3-2: Fly out, F7 (Line Drive, 7, EV 96.2 MPH)
Top of the 8th over - 1 run, 2 hits, 0 errors, 1 left on base; Germantown 3 - Ballard 6
BOTTOM OF THE 8TH
Ballard Beavers batting - Pitching for Germantown Uruguayans : RHP José Garza
Batting: LHB Shane Holman 0-0: Called Strike
0-1: Called Strike
0-2: Ball
1-2: Strikes out looking
Batting: RHB Eli Johnson 0-0: Called Strike
0-1: Foul Ball, location: 2F
0-2: Ball
1-2: Foul Ball, location: 2F
1-2: Foul Ball, location: 2F
1-2: Strikes out swinging
Batting: RHB Kevin Neal 0-0: Ball
1-0: Foul Ball, location: 2F
1-1: Ball
2-1: Foul Ball, location: 2F
2-2: SINGLE (Line Drive, 9S, EV 84.4 MPH)
Batting: RHB Eldon Broadus 0-0: Called Strike
0-1: Foul Ball, location: 2F
0-2: Fly out, F8 (Flyball, 8RD, EV 103.1 MPH)
Bottom of the 8th over - 0 runs, 1 hit, 0 errors, 1 left on base; Germantown 3 - Ballard 6
TOP OF THE 9TH
Germantown Uruguayans batting - Pitching for Ballard Beavers : RHP Edward Urry
Pitching: LHP Andy Dundee
Batting: RHB Santiago Harmon 0-0: Ball
1-0: Called Strike
1-1: Called Strike
1-2: Foul Ball, location: 2F
1-2: Foul Ball, location: 2F
1-2: Ball
2-2: Ground out 4-3 (Groundball, 34, EV 90.0 MPH)
Batting: LHB Pedro Ortíz 0-0: Ball
1-0: Swinging Strike
1-1: Ball
2-1: Ball
3-1: DOUBLE (Flyball, 8RXD, EV 86.2 MPH)
Batting: RHB Halewijn Kraan 0-0: Called Strike
0-1: Fly out, F9 (Flyball, 9, EV 92.5 MPH)
Batting: RHB Job Wooddisse 0-0: Swinging Strike
0-1: Foul Ball, location: 2F
0-2: Foul Ball, location: 2F
0-2: Ball
1-2: SINGLE (Flyball, 78M, EV 91.2 MPH)
Pedro Ortíz to third
Batting: LHB Enreecko-Edilberto Bibilone 0-0: Ball
1-0: Called Strike
1-1: Called Strike
1-2: Foul Ball, location: 2F
1-2: Foul Ball, location: 2F
1-2: Ball
2-2: Foul Ball, location: 2F
2-2: Foul Ball, location: 2F
2-2: SINGLE (Groundball, 6D, EV 99.4 MPH)
Pedro Ortíz scores
Job Wooddisse to second
Batting: RHB Pepe Rodríguez 0-0: Called Strike
0-1: Fielders Choice at 2nd, 6-4 (Groundball, 6, EV 82.5 MPH)
Top of the 9th over - 1 run, 3 hits, 0 errors, 2 left on base; Germantown 4 - Ballard 6
Friday, March 26th, 2021 - OOTP Baseball 20.8 Build 74